 Seeded DCSS version 0.30-a0-824-g6c64550be9 (webtiles) character file.

Game seed: 9331076736442848257 (custom seed)

1 Mickster the Slasher (level 1, -1/18 HPs)
             Began as a Human Berserker on Feb 28, 2023.
             Was a Follower of Trog.
             Slain by a rat (3 damage)
             ... on level 1 of the Dungeon.
             The game lasted 00:00:29 (56 turns).

Mickster the Slasher (Human Berserker)                Turns: 56, Time: 00:00:30

Health: -1/18      AC:  2    Str: 17    XL:     1   Next: 22%
Magic:  1/1        EV:  9    Int:  7    God:    Trog [*.....]
Gold:   18         SH:  0    Dex: 12    Spells: 0/0 levels left

rFire   . . .      SeeInvis .    a - +0 falchion
rCold   . . .      Faith    .    (no shield)
rNeg    . . .      Spirit   .    b - +0 animal skin
rPois   .          Reflect  .    (no helmet)
rElec   .          Harm     .    (no cloak)
rCorr   .          Rampage  .    (no gloves)
Will    .....                    (no boots)
Stlth   +                        (no amulet)
HPRegen 0.23/turn                (no ring)
MPRegen 0.07/turn                (no ring)

@: constricted
A: no striking features
a: Renounce Religion, Berserk


You were on level 1 of the Dungeon.
You worshipped Trog.
Trog was aware of your devotion.
You visited 1 branch of the dungeon, and saw 1 of its levels.

You collected 18 gold pieces.

Inventory:

Hand Weapons
 a - a +0 falchion (weapon)
Armour
 b - a +0 animal skin (worn)


   Skills:
 + Level 3.0 Fighting
 + Level 3.0 Long Blades
 + Level 2.0 Armour
 + Level 2.0 Dodging


You couldn't memorise any spells.
You didn't know any spells.
Your spell library was empty.

Dungeon Overview and Level Annotations

Branches:
Dungeon (1/15)

Altars:


Message History

A ball python comes into view.
The bat hits you.
You hit the giant cockroach but do no damage.
The bat barely misses you. The giant cockroach bites you. x2
You hit the giant cockroach.
The giant cockroach is almost dead.
The bat completely misses you. The ball python bites you.
The ball python grabs you. The ball python constricts you.
The giant cockroach bites you. The ball python barely misses you.
The ball python constricts you.
You slash the giant cockroach!
You kill the giant cockroach!
Trog accepts your kill. The bat hits you. The ball python barely misses you.
The ball python constricts you.
You escape the ball python's grasp.
The bat barely misses you.
You barely miss the ball python. The bat closely misses you.
The ball python barely misses you. The ball python misses you.
You closely miss the ball python. The bat closely misses you.
The ball python misses you. The ball python closely misses you.
The ball python bites you. The ball python grabs you.
The ball python constricts you. The bat hits you but does no damage.
The ball python bites you.
* * * LOW HITPOINT WARNING * * *
You barely miss the ball python. The ball python barely misses you.
The ball python constricts you.
* * * LOW HITPOINT WARNING * * *
The ball python closely misses you.
You hit the ball python.
You kill the ball python!
Trog accepts your kill. The bat hits you but does no damage.
The ball python bites you.
* * * LOW HITPOINT WARNING * * *
The ball python constricts you.
* * * LOW HITPOINT WARNING * * *
The kobold throws a stone.
The stone hits you.
* * * LOW HITPOINT WARNING * * *
The ball python barely misses you. The ball python constricts you.
The rat bites you.
You die...

#### ...###
####.........## .....##
..............# ##....##
............... .......#
............... .......#
............... ###....#
.........!..... ###..#
........b......
#.#####.#...@.......
###....##.####rSK.....
###......##....#.#......
.......#...###.#)##.....
.......###........#.....
##....##.............?..
.....###########.##.....
...### #.# .K... ### #.#
....


You could see a bat, a ball python, a kobold and a rat.

Vanquished Creatures
  A giant cockroach (D:1)
  A ball python (D:1)
2 creatures vanquished.

Notes
Turn   | Place    | Note
-------+----------+-------------------------------------------
     0 | D:1      | Mickster the Human Berserker began the quest for the Orb.
     0 | D:1      | Reached XP level 1. HP: 18/18 MP: 1/1
    56 | D:1      | Slain by a rat

Illustrated notes

Levels and vault maps discovered:
D:1:      minmay_arrival_loop, layout_rooms

Action                     || total
---------------------------++-------
  Melee: Falchion          ||     7
 Armour: Animal skin       ||     5
  Dodge: Dodged            ||    14

Table legend: (Time is in decaauts)
 A = Elapsed time spent in this place.
 B = Non-inter-level travel time spent in this place.
 C = Inter-level travel time spent in this place.
 D = Time resting spent in this place.
 E = Time spent auto-exploring this place.
 F = Levels seen in this place.
 G = Mean time per level.
                   A        B        C        D        E       F      G
               +--------+--------+--------+--------+--------+-----+--------+
         Total |     56 |     56 |      0 |      0 |      0 |   1 |   56.0 |
       Dungeon |     56 |     56 |      0 |      0 |      0 |   1 |   56.0 |
               +--------+--------+--------+--------+--------+-----+--------+

Top non-repeatable levels by time:
     D:1: 56 daAuts
